 Dungeon Crawl Stone Soup version 0.25-a0-589-g1e14c549ee (webtiles) character file.

Game seed: 7385910036765049116, levelgen mode: deterministic

6353 Kohma the Geomancer (level 10, -2/66 HPs)
             Began as a Gargoyle Earth Elementalist on Mar 12, 2020.
             Was a Believer of Ashenzari.
             Slain by a death yak (19 damage)
             ... on level 9 of the Dungeon.
             The game lasted 00:32:37 (11156 turns).

Kohma the Geomancer (Gargoyle Earth Elementalist)  Turns: 11156, Time: 00:32:38

Health: -2/66      AC: 14    Str: 12    XL:     10   Next: 96%
Magic:  6/35       EV: 12    Int: 19    God:    Ashenzari [**....]
Gold:   586        SH:  0    Dex: 10    Spells: 4/19 levels left

rFire    . . .     SeeInvis .   J - +3 whip (venom) (curse)
rCold    . . .     Gourm    .   (no shield)
rNeg     + . .     Faith    .   c - +0 robe
rPois    ∞         Spirit   .   Y - +0 helmet "Vasept" {Regen+ MP+9} (curse)
rElec    +         Reflect  .   I - +1 cloak
rCorr    +         Harm     .   D - +1 pair of gloves (curse)
MR       .....                  (no boots)
Stlth    ++........             f - amulet of regeneration
HPRegen  1.01/turn              h - ring of resist corrosion
MPRegen  0.24/turn              a - ring of magical power (curse)

@: no status effects
A: negative energy resistance 1, electricity resistance, unbreathing,
petrification resistance, rot immunity, AC +7
a: Curse Item, Scrying, Renounce Religion


You were on level 9 of the Dungeon.
You worshipped Ashenzari.
Ashenzari was pleased with you.
You were near starving.

You visited 1 branch of the dungeon, and saw 9 of its levels.

You collected 586 gold pieces.

Inventory:

Hand Weapons
 q - a +0 whip of flaming
 s - a +0 hunting sling
 w - a +0 dagger of venom
 y - a +1 vampiric short sword
 J - a cursed +3 whip of venom (weapon)
 W - a +2 rapier of electrocution
Missiles
 b - 233 stones (quivered)
 g - 124 bolts
 k - 15 sling bullets
 t - 6 curare-tipped darts
 z - 21 poisoned darts
 A - 152 arrows
 Q - a throwing net
Armour
 c - a +0 robe (worn)
 x - a +2 robe of positive energy
 B - a +0 scale mail of fire resistance
 D - a cursed +1 pair of gloves (worn)
 H - a +2 ring mail of cold resistance
 I - a +1 cloak (worn)
 U - a +0 kite shield
 Y - the cursed +0 helmet "Vasept" (worn) {Regen+ MP+9}
   (You found it on level 9 of the Dungeon)

   It affects your magic capacity (+9).
   It increases your rate of regeneration.
   It has a curse placed upon it.
Jewellery
 a - a cursed ring of magical power (right hand)
 f - an amulet of regeneration (around neck)
 h - a ring of resist corrosion (left hand)
 K - a +4 ring of dexterity
 R - an uncursed ring of fire
Wands
 e - a wand of clouds (8)
 E - a wand of disintegration (15)
 F - a wand of polymorph (5)
 P - a wand of paralysis (21)
 S - a wand of random effects (23)
Scrolls
 i - 3 scrolls of fog
 m - 3 scrolls of enchant armour
 p - 4 scrolls of teleportation
 u - 2 scrolls of amnesia
 v - 3 scrolls of immolation
 L - a scroll of identify
 N - a scroll of blinking
 X - 2 scrolls of remove curse
Potions
 j - 5 potions of curing
 l - a potion of brilliance
 o - a potion of invisibility
 r - 2 potions of resistance
 C - 3 potions of cancellation
 G - a potion of berserk rage
 M - 2 potions of flight {unknown}
 O - a potion of degeneration {unknown}
 T - a potion of ambrosia
Comestibles
 d - 19 rations


   Skills:
 + Level 9.0 Fighting
 * Level 2.7 Short Blades
 - Level 6.7(9.1) Maces & Flails
 - Level 3.0 Dodging
 - Level 2.1 Stealth
 * Level 4.6 Shields
 - Level 5.0 Spellcasting
 - Level 4.1 Conjurations
 - Level 0.7 Transmutations
 - Level 4.0 Fire Magic
 - Level 9.0 Earth Magic


You had 4 spell levels left.
You knew the following spells:

 Your Spells              Type           Power        Failure   Level  Hunger
a - Sandblast             Erth           #####.       1%          1    None
b - Passwall              Tmut/Erth      ###.....     2%          2    #......
c - Stone Arrow           Conj/Erth      ####..       2%          3    ##.....
d - Lee's Rapid Deconstr  Erth           #####.....   9%          5    ######.
e - Sticky Flame          Conj/Fire      ###.....     22%         4    ####...

Your spell library contained the following spells:

 Spells                   Type           Power        Failure   Level  Hunger
 Foxfire                  Conj/Fire      ###.         2%          1    None
 Conjure Flame            Conj/Fire      ###.....     7%          3    ##.....
 Inner Flame              Hex/Fire       ##......     16%         3    ##.....
 Petrify                  Tmut/Erth      ###.....     17%         4    ####...
 Fireball                 Conj/Fire      ###.......   54%         5    ######.


Dungeon Overview and Level Annotations

Branches:
Dungeon (9/15)             Temple (0/1) D:6            Lair (0/6) D:9
    Orc: D:9-12

Altars:
Ashenzari
Elyvilon
Hepliaklqana
Makhleb
Qazlal
Trog
Vehumet
Xom
Yredelemnul
Zin

Annotations:
D:9 2 runed translucent doors, exclusion: orange crystal statue


Innate Abilities, Weirdness & Mutations

You are resistant to torment.
Your stone body is resilient. (AC +7)
You are immune to poison.
You resist negative energy. (rN+)
You are resistant to electric shocks. (rElec)
You can survive without breathing.
You are immune to petrification.
You are immune to rotting.


Message History

Confirm with . or Enter, or press ? or * to list all spells.
Aiming: Sandblast (safe; 1% risk of failure)
Press: ? - help, Shift-Dir - straight line, f/p - death yak
Aim: a death yak (almost dead, extremely poisoned)
The blast of sand hits the death yak but does no damage.
The death yak is almost dead.
b - 233 stones The death yak gores you!
* * * LOW HITPOINT WARNING * * *
You completely miss the death yak.
The death yak is almost dead.
The death yak barely misses you.
You hit the death yak.
The death yak looks as sick as possible!
The death yak is almost dead.
You hit the death yak but do no damage.
The death yak looks as sick as possible!
The death yak is almost dead.
The death yak gores you!!
You die...

...##..# #.# #.# #. ##.##
...#.[## #.# #.# #.##...##
...#.## #.# #.####.#.....#
...#.#####.#########.#.##........
..................##..#.......>.<
.#.#...)..#######.##.###.........
.....############...####..#..Y..#
.#.............##.##.##.........#
.###.#########.Y@.....#.........#
.# #.# ####.###...._......# ##
#.# ...# #...........#
####.####** #.#.# #...........#
..........# #,#.# #........####
.....####.# #.# #............
##.######. * # *.# ##.......####
.......... , ....####..........÷
..>#####... , ...............#...


You could see a death yak.

Vanquished Creatures
  A death yak (D:8)
  Pikel (D:5)
  A troll (D:9)
  Grinder (D:5)
  3 hornets (D:8)
  A hippogriff (D:8)
  A yak (D:9)
  A wraith (D:8)
  Grum (D:8)
  Duvessa (D:7)
  A black bear (D:8)
  2 orc warriors (D:9)
  A sky beast (D:6)
  A slave (D:5)
  An ice beast (D:6)
  An ogre (D:4)
  2 wolves (D:8)
  4 centaurs
  Blork the orc (D:5)
  2 gnoll sergeants
  2 bullfrogs
  Dowan (D:7)
  3 scorpions
  9 killer bees (D:7)
  A howler monkey (D:4)
  3 wights (D:8)
  A centaur zombie (D:8)
  4 crimson imps
  6 hounds
  3 jellies
  Crazy Yiuf (D:5)
  5 orc priests
  A gnoll shaman (D:6)
  7 orc wizards
  A centaur skeleton (D:3)
  Terence (D:3)
  An iguana (D:5)
  8 worker ants
  A hound skeleton (D:8)
  A howler monkey skeleton (D:8)
  11 gnolls
  7 adders
  A shadow imp (D:6)
  3 oozes
  An adder zombie (D:7)
  An adder skeleton (D:7)
  9 worms
  A dart slug (D:3)
  5 leopard geckos
  37 orcs
  A ball python (D:5)
  7 giant cockroaches
  13 goblins
  5 hobgoblins
  7 jackals
  3 quokkas
  A ball python skeleton (D:4)
  5 bats
  6 frilled lizards
  15 kobolds
  2 quokka skeletons (D:4)
  7 rats
236 creatures vanquished.

Vanquished Creatures (others)
  A leopard gecko (D:5)
1 creature vanquished.

Grand Total: 237 creatures vanquished

Notes
Turn   | Place    | Note
-------+----------+-------------------------------------------
     0 | D:1      | Kohma the Gargoyle Earth Elementalist began the quest for
                  | the Orb.
     0 | D:1      | Reached XP level 1. HP: 10/10 MP: 3/3
   246 | D:1      | Reached XP level 2. HP: 15/15 MP: 1/5
  1238 | D:2      | Learned a level 2 spell: Passwall
  1248 | D:2      | Reached XP level 3. HP: 19/19 MP: 2/6
  1279 | D:2      | Learned a level 3 spell: Stone Arrow
  1933 | D:2      | Reached skill level 1 in Conjurations
  2051 | D:2      | Reached XP level 4. HP: 24/24 MP: 1/8
  2341 | D:3      | Noticed Terence
  2421 | D:3      | Killed Terence
  2518 | D:3      | Reached skill level 5 in Earth Magic
  2797 | D:3      | Reached XP level 5. HP: 28/28 MP: 5/9
  3818 | D:3      | Reached XP level 6. HP: 32/32 MP: 11/11
  4677 | D:4      | Reached XP level 7. HP: 36/36 MP: 14/14
  5032 | D:4      | Reached skill level 1 in Maces & Flails
  5032 | D:4      | Reached skill level 5 in Spellcasting
  5275 | D:5      | Entered Level 5 of the Dungeon
  5334 | D:5      | Noticed Blork the orc
  5340 | D:5      | Killed Blork the orc
  5499 | D:5      | Found a shattered altar of Ashenzari.
  5518 | D:5      | Became a worshipper of Ashenzari the Shackled
  5707 | D:5      | Learned a level 5 spell: Lee's Rapid Deconstruction
  5712 | D:5      | Learned a level 4 spell: Sticky Flame
  5715 | D:5      | Found a burning altar of Makhleb.
  5715 | D:5      | Found a glowing silver altar of Zin.
  5716 | D:5      | Noticed an angel
  5716 | D:5      | Noticed a cacodemon
  5927 | D:5      | Reached skill level 1 in Fighting
  6079 | D:5      | Found a runed translucent door.
  6080 | D:5      | Noticed Crazy Yiuf
  6179 | D:5      | Noticed Grinder
  6187 | D:5      | Killed Grinder
  6187 | D:5      | Reached skill level 1 in Fire Magic
  6187 | D:5      | Reached XP level 8. HP: 44/44 MP: 2/15
  6279 | D:5      | Noticed Pikel
  6304 | D:5      | Killed Pikel
  6703 | D:5      | Killed Crazy Yiuf
  6842 | D:6      | Found a staircase to the Ecumenical Temple.
  6900 | D:6      | Found a basalt altar of Yredelemnul.
  6902 | D:6      | Found a bloodstained altar of Trog.
  6903 | D:6      | Found a stormy altar of Qazlal.
  6939 | D:6      | Reached skill level 5 in Fighting
  6939 | D:6      | Reached XP level 9. HP: 45/54 MP: 12/16
  7550 | D:7      | Reached * piety under Ashenzari
  8059 | D:7      | Noticed Duvessa
  8060 | D:7      | Noticed Dowan
  8075 | D:7      | Killed Duvessa
  8081 | D:7      | Killed Dowan
  8834 | D:8      | Noticed Grum
  8860 | D:8      | Killed Grum
  8922 | D:8      | Found a white marble altar of Elyvilon.
  9114 | D:8      | Reached XP level 10. HP: 63/63 MP: 17/17
  9159 | D:8      | Reached skill level 5 in Maces & Flails
  9338 | D:8      | Reached skill level 1 in Shields
  9968 | D:9      | Found a basalt altar of Yredelemnul.
  9991 | D:9      | Found a radiant altar of Vehumet.
 10133 | D:9      | Found a runed translucent door.
 10138 | D:9      | Found the +10 tower shield of Ignorance {rN+ Int-4}
 10178 | D:9      | Got the cursed helmet "Vasept" {Regen+ MP+9}
 10189 | D:9      | Identified the cursed +0 helmet "Vasept" {Regen+ MP+9} (You
                  | found it on level 9 of the Dungeon)
 10266 | D:9      | Found a runed translucent door.
 10267 | D:9      | Noticed an orange crystal statue
 10340 | D:9      | Found a hazy altar of Hepliaklqana.
 10341 | D:9      | Found a shimmering altar of Xom.
 10342 | D:9      | Noticed a spectral ugly thing
 10344 | D:9      | Reached ** piety under Ashenzari
 10364 | D:9      | Reached skill level 1 in Short Blades
 10583 | D:9      | Noticed a death yak
 10584 | D:9      | Found a staircase to the Lair.
 10585 | D:9      | Noticed a death yak
 10592 | D:9      | Noticed a death yak
 10648 | D:9      | HP: 2/65 [death yak (15)]
 10674 | D:8      | HP: 2/65 [death yak (14)]
 10717 | D:8      | Killed a death yak
 11156 | D:9      | Slain by a death yak

Levels and vault maps discovered:
D:1:      dpeg_arrival_shrine, layout_basic
D:2:      layout_rooms, first_ration
D:3:      minmay_recursive_quarters, layout_basic, uniq_terence
D:4:      layout_rooms
D:5:      cheibrodos_iron_armory, layout_basic,
          grunt_temple_overflow_order_and_chaos_2, evilmike_ruin_ashenzari,
          uniq_blork_the_orc, uniq_crazy_yiuf_cottage, uniq_grinder, uniq_pikel
D:6:      layout_rooms, grunt_temple_overflow_open, minmay_temple_entry_ruins,
          kennysheep_doodads
D:7:      layout_basic, uniq_duvessa
D:8:      nicolae_whirlpool, layout_loops_ring, elyvilon_altar_1,
          hangedman_pestilent_swarm, uniq_grum
D:9:      layout_loops_ring, regret_index_temple_of_mockery, vehumet_crystals,
          dpeg_lair_monsters, hiddenorc1_lemuel, basic_altar,
          kennysheep_decorative_pillar, chequers_guarded_unrand_ignorance

Skill      XL: |  1  2  3  4  5  6  7  8  9 10 |
---------------+-------------------------------+-----
Earth Magic    | 4 5 6 8 9 |  9.0
Conjurations   | 1 2 4 |  4.1
Spellcasting   | 3 4 5 |  5.0
Maces & Flails | 2 4 6 |  6.7
Fighting       | 2 5 7 9 |  9.0
Fire Magic     | 1 3 4 |  4.0
Dodging        | 2 3 |  3.0
Shields        | 4 |  4.6
Short Blades   | 2 |  2.7
Stealth        | |  2.1
Transmutations | |  0.7

Action                   |  1- 3 |  4- 6 |  7- 9 | 10-12 || total
-------------------------+-------+-------+-------+-------++-------
Melee: Unarmed           |    90 |       |       |       ||    90
       Dagger            |    53 |   207 |     6 |       ||   266
       Whip              |       |       |   185 |   163 ||   348
 Cast: Sandblast         |    35 |    14 |     4 |     7 ||    60
       Stone Arrow       |     4 |    25 |    90 |    62 ||   181
       Lee's Rapid Decon |       |       |     3 |    14 ||    17
Invok: Curse Item        |       |       |     2 |       ||     2
  Use: Scroll            |       |       |    18 |     1 ||    19
 Stab: Sleeping          |     2 |     1 |     2 |     1 ||     6
  Eat: Chunk             |     4 |    11 |    14 |     9 ||    38
       Ration            |       |       |     2 |     1 ||     3
Armor: Robe              |    75 |    50 |   118 |    77 ||   320
Dodge: Dodged            |   123 |   139 |   160 |   106 ||   528

Table legend:
 A = Non-vault XP
 B = Vault XP
 C = Vault XP percentage of total XP
 D = Non-vault monster count
 E = Vault monster count
 F = Vault count percentage of total count
                 A         B        C        D         E       F
            +---------+---------+-------+---------+---------+-------
      Total |    5169 |    3907 |  43.0 |     207 |      28 |  11.9
            +---------+---------+-------+---------+---------+-------
        D:1 |      28 |       0 |   0.0 |      18 |       0 |   0.0
        D:2 |      61 |       0 |   0.0 |      23 |       0 |   0.0
        D:3 |     226 |      60 |  21.0 |      35 |      11 |  23.9
        D:4 |     448 |       0 |   0.0 |      28 |       0 |   0.0
        D:5 |     308 |    1032 |  77.0 |       9 |       4 |  30.8
        D:6 |     595 |       0 |   0.0 |      19 |       0 |   0.0
        D:7 |     944 |     223 |  19.1 |      21 |       2 |   8.7
        D:8 |    1299 |    2383 |  64.7 |      24 |      10 |  29.4
        D:9 |    1260 |     209 |  14.2 |      30 |       1 |   3.2
            +---------+---------+-------+---------+---------+-------
